 Dungeon Crawl Stone Soup version 0.29.0-7-g18a832c13a (webtiles) character file.

Game seed: 6875805034607781559

33 xian the Vexing (level 3, -2/24 HPs)
             Began as a Human Wanderer on Sept 1, 2022.
             Was a Follower of Fedhas.
             Succumbed to a goblin's poison
             ... on level 2 of the Dungeon.
             The game lasted 00:03:21 (1455 turns).

xian the Vexing (Human Wanderer)                    Turns: 1455, Time: 00:03:22

Health: -2/24      AC:  4    Str:  8 (10) XL:     3   Next: 47%
Magic:  0/4        EV: 11    Int: 17 (18) God:    Fedhas [*.....]
Gold:   103        SH:  0    Dex:  9 (10) Spells: 2/4 levels left

rFire   + . .      SeeInvis .   j - +0 dagger
rCold   x . .      Faith    .   (no shield)
rNeg    . . .      Spirit   .   g - +0 leather armour
rPois   .          Reflect  .   (no helmet)
rElec   .          Harm     .   d - +0 cloak
rCorr   .          Rampage  .   (no gloves)
Will    .....                   (no boots)
Stlth   +.........              (no amulet)
HPRegen 0.08/turn               e - ring of fire
MPRegen 0.09/turn               (no ring)

@: lethally poisoned (-2 -> -23)
A: no striking features
a: Renounce Religion


You were on level 2 of the Dungeon.
You worshipped Fedhas.
Fedhas was aware of your devotion.
You visited 1 branch of the dungeon, and saw 2 of its levels.

You collected 103 gold pieces.

Inventory:

Hand Weapons
 j - a +0 dagger (weapon)
Missiles
 h - a throwing net
Armour
 d - a +0 cloak (worn)
 g - a +0 leather armour (worn)
Jewellery
 e - a ring of fire (left hand)
Scrolls
 a - a scroll of teleportation {unknown}
 f - a scroll of identify {unknown}
 i - a scroll of immolation {unknown}
Potions
 b - a potion of attraction


   Skills:
 + Level 0.2 Fighting
 + Level 0.4 Maces & Flails
 + Level 0.6 Armour
 + Level 2.2 Dodging
 + Level 0.2 Stealth
 + Level 1.3 Spellcasting
 + Level 5.2 Hexes
 + Level 1.6 Ice Magic
 + Level 1.0 Evocations


You had 2 spell levels left.
You knew the following spells:

 Your Spells              Type           Power      Damage    Failure   Level
a - Freeze                Ice            24%        1d5       16%         1
b - Slow                  Hex            72%        N/A       3%          1

Your spell library contained the following spells:

 Spells                   Type           Power      Damage    Failure   Level
 Portal Projectile        Hex/Tloc       20%        N/A       30%         3
 Ozocubu's Armour         Ice            6%         N/A       41%         3
 Ignite Poison            Fire/Tmut/Pois 1%         N/A       65%         3
 Mephitic Cloud           Conj/Pois/Air  1%         N/A       65%         3
 Leda's Liquefaction      Hex/Erth       5%         N/A       69%         4
 Freezing Cloud           Conj/Ice/Air   1%         6-21      100%        5


Dungeon Overview and Level Annotations

Branches:
Dungeon (2/15)

Altars:
Fedhas

Shops:
D:1 :


Message History

Fedhas appreciates your contribution to the ecosystem.
You see here a potion of attraction.
b - 2 potions of attraction (gained 1)
You drop a potion of attraction.
The hobgoblin shouts!
You hear a shout!
You hear an angry hiss.
A goblin comes into view. It is wielding a +0 dagger of venom.
The frilled lizard attacks as you move away!
The frilled lizard closely misses you.
You hit the frilled lizard.
You kill the frilled lizard!
Fedhas appreciates your contribution to the ecosystem.
There is a stone staircase leading up here.
The goblin drinks a potion.
The goblin seems to grow stronger.
You freeze the hobgoblin.
The hobgoblin is almost dead.
The hobgoblin hits you.
You freeze the hobgoblin.
You kill the hobgoblin!
Fedhas appreciates your contribution to the ecosystem.
The goblin hits you but does no damage.
You are poisoned.
You freeze the goblin.
The goblin is severely wounded.
You feel very sick.
The goblin hits you with a +0 dagger of venom.
You are lethally poisoned!
You are too injured to fight recklessly!
Unknown command.
It was a potion of degeneration.
There was something very wrong with that liquid.
You feel weakened.
You feel dopey.
You feel clumsy.
You feel very sick. The goblin hits you but does no damage.
You are more poisoned.
Unknown command.
The goblin attacks as you move away! The goblin hits you but does no damage.
You are more poisoned.
* * * LOW HITPOINT WARNING * * *
You feel very sick.
You die...
Fedhas appreciates your contribution to the ecosystem.

......)......####......#
#....######.....##......#
..### ##.......#......# g
#.......<.##.####
#.....†........#
#..............#
#...(...g......#
#.........######
#.......@.# #.........#
#.........# #.........#
#.........# #.......##
##.....## ######


You could see a goblin (strong).

Vanquished Creatures
  A dart slug (D:1)
  2 bats (D:1)
  An endoplasm (D:1)
  3 goblins
  6 hobgoblins
  3 quokkas (D:1)
  3 ball pythons (D:1)
  5 frilled lizards
  5 rats
29 creatures vanquished.

Vanquished Creatures (others)
  A goblin (D:1)
1 creature vanquished.

Grand Total: 30 creatures vanquished

Notes
Turn   | Place    | Note
-------+----------+-------------------------------------------
     0 | D:1      | xian the Human Wanderer began the quest for the Orb.
     0 | D:1      | xian set off with the following items: a +0 club, a potion
                  | of attraction, a +0 robe, a +0 cloak; and the following
                  | spells available to memorise: Slow, Freeze, Portal
                  | Projectile, Ozocubu's Armour, Leda's Liquefaction.
     0 | D:1      | Reached XP level 1. HP: 13/13 MP: 2/2
     8 | D:1      | Learned a level 1 spell: Freeze
   446 | D:1      | Reached XP level 2. HP: 19/19 MP: 0/3
   489 | D:1      | Found Ochugaox's Vocational Training.
   666 | D:1      | Learned a level 1 spell: Slow
   768 | D:1      | Reached XP level 3. HP: 5/24 MP: 1/4
  1289 | D:1      | Found a faded altar of an unknown god.
  1295 | D:1      | Prayed at the altar of an unknown god.
  1295 | D:1      | Became a worshipper of Fedhas Madash
  1295 | D:1      | Reached * piety under Fedhas
  1455 | D:2      | Succumbed to a goblin's poison

Illustrated notes

Levels and vault maps discovered:
D:1:      minmay_arrival_split_and_join, layout_rooms,
          shapermc_ecumenical_altar_petra, st_stairs_13,
          minmay_misc_feat_hallway, nicolae_shop_vocational
D:2:      layout_rooms, palyth_stone_intersect

Action                   || total
-------------------------++-------
Melee: Club              ||    36
       Dagger            ||    10
 Cast: Freeze            ||    30
  Use: Potion            ||     1
Armor: Robe              ||     6
       Leather armour    ||    21
Dodge: Dodged            ||    44
